 Dungeon Crawl Stone Soup version 0.30-a0-728-gc68057be0a (webtiles) character file.

Game seed: 8910334676872473322

25 iguanaiguana the Sneak (level 3, 0/31 HPs)
             Began as a Meteoran Delver on Jan 30, 2023.
             Slain by an iguana (13 damage)
             ... on level 5 of the Dungeon.
             The game lasted 00:02:00 (125 turns).

iguanaiguana the Sneak (Meteoran Delver)             Turns: 125, Time: 00:02:01

Health: 0/31       AC:  3    Str: 14    XL:     3   Next: 35%
Magic:  0/4        EV: 12    Int: 13    God:
Gold:   46         SH:  0    Dex: 15    Spells: 2/2 levels left

rFire   . . .      SeeInvis .    f - +0 trident
rCold   . . .      Faith    .    (no shield)
rNeg    . . .      Spirit   +    b - +0 leather armour
rPois   .          Reflect  .    (no helmet)
rElec   .          Harm     .    (no cloak)
rCorr   .          Rampage  .    (no gloves)
Will    .....                    (no boots)
Stlth   +                        h - amulet of guardian spirit
HPRegen 0.25/turn                (no ring)
MPRegen 0.09/turn                (no ring)

@: glowing
A: sense surroundings 1, otherworldly, glowing, explore regen
a: no special abilities


You were on level 5 of the Dungeon.
You visited 1 branch of the dungeon, and saw 2 of its levels.

You collected 46 gold pieces.

Inventory:

Hand Weapons
 a - a +0 short sword
 f - a +0 trident (weapon)
Armour
 b - a +0 leather armour (worn)
Jewellery
 h - an amulet of guardian spirit (around neck)
Wands
 g - a wand of digging (3) {@v3}
Scrolls
 c - a scroll of fog
 d - a scroll of magic mapping {@r5}
 e - a scroll of fear


   Skills:
 + Level 3.2 Fighting
 - Level 2.1 Short Blades
 - Level 3.1 Polearms
 - Level 2.4 Dodging
 - Level 3.7 Stealth


You had 2 spell levels left.
You didn't know any spells.
Your spell library was empty.

Dungeon Overview and Level Annotations

Branches:
Dungeon (6/15) Zot: 1093
 Temple: D:4-7

Altars:

Annotations:
D:5 1 exclusion


Innate Abilities, Weirdness & Mutations

You passively map a small area around you.
You are easily found by Zot.
You glow in the dark.
You regain HP and MP as you explore.


Message History

You have reached level 3!
Your experience leads to an increase in your attributes!
Increase (S)trength, (I)ntelligence, or (D)exterity?
You feel clever. x2; You feel stronger.
Your transformation is almost over.
You start resting.
You feel less wooden.
Your +0 leather armour unmelds from your body.
You see here a +0 trident.
f - a +0 trident
f - a +0 trident (weapon)
You now have 46 gold pieces (gained 11).
Your extra speed is starting to run out.
An iguana comes into view.
You hit the iguana.
The iguana is moderately wounded.
The iguana bites you.
You hit the iguana but do no damage.
The iguana is moderately wounded.
The iguana bites you!
You are too injured to fight recklessly!
You puncture the iguana!
The iguana is severely wounded.
You feel yourself slow down.
You closely miss the iguana.
The iguana is severely wounded.
You hit the iguana but do no damage.
The iguana is severely wounded.
The iguana bites you!
* * * LOW HITPOINT WARNING * * *
You closely miss the iguana.
The iguana is severely wounded.
You hit the iguana but do no damage.
The iguana is severely wounded.
You hit the iguana but do no damage.
The iguana is severely wounded.
You hit the iguana but do no damage.
The iguana is severely wounded.
The iguana bites you!
You die...

, ##....<* #..##......###
,
#.......###............#
*
#.......##............#.
........##..........#...
, ,
........#.....#.....#...
,
,........#.....##...##...
..........##..##..###...
...........#.......# . ,
#......@...##...........
#......l....##..#.......
*
####.....##...#####.....
* ##..... .### .....
........# ..... ##....###
* ..#. ###### *


You could see an iguana.

Vanquished Creatures
  An iguana (D:5)
1 creature vanquished.

Notes
Turn   | Place    | Note
-------+----------+-------------------------------------------
     0 | D:5      | iguanaiguana the Meteoran Delver began the quest for the
                  | Orb.
     0 | D:5      | Reached XP level 1. HP: 19/19 MP: 2/2
    57 | D:5      | Noticed an iguana
    75 | D:5      | Killed an iguana
    76 | D:5      | Reached XP level 2. HP: 26/26 MP: 0/3
    76 | D:5      | Reached XP level 3. HP: 31/31 MP: 0/4
   125 | D:5      | Slain by an iguana

Illustrated notes

Levels and vault maps discovered:
D:5:      layout_cave_pools
D:6:      layout_basic, mainiacjoe_overflow_tiny_flanked, serial_shops,
          kennysheep_mini, uniq_maggie

Skill      XL: |  1 |
---------------+----+-----
Polearms       | 3 |  3.1
Fighting       | |  3.2
Short Blades   | |  2.1
Dodging        | |  2.4
Stealth        | |  3.7

Action                     || total
---------------------------++-------
  Melee: Short sword       ||    14
         Trident           ||     9
    Use: Potion            ||     2
 Armour: Skin              ||     5
  Dodge: Dodged            ||     5

Table legend: (Time is in decaauts)
 A = Elapsed time spent in this place.
 B = Non-inter-level travel time spent in this place.
 C = Inter-level travel time spent in this place.
 D = Time resting spent in this place.
 E = Time spent auto-exploring this place.
 F = Levels seen in this place.
 G = Mean time per level.
                   A        B        C        D        E       F      G
               +--------+--------+--------+--------+--------+-----+--------+
         Total |    105 |     95 |     10 |      8 |      0 |   2 |   52.5 |
       Dungeon |    105 |     95 |     10 |      8 |      0 |   2 |   52.5 |
               +--------+--------+--------+--------+--------+-----+--------+

Top non-repeatable levels by time:
     D:5: 103 daAuts
     D:6: 1 daAuts
